 Dungeon Crawl Stone Soup version 0.29.1-2-gbd0b4ee654 (webtiles) character file.

Game seed: 12574320108907726993

52 xian the Trooper (level 3, 0/30 HPs)
             Began as a Demonspawn Abyssal Knight on Nov 12, 2022.
             Was a Believer of Lugonu.
             Slain by a kobold
             ... wielding a +0 dagger
              (1 damage)
             ... on level 2 of the Dungeon.
             The game lasted 00:05:22 (1549 turns).

xian the Trooper (Demonspawn Abyssal Knight)        Turns: 1549, Time: 00:05:22

Health: 0/30       AC:  3    Str: 15    XL:     3   Next: 60%
Magic:  5/5        EV: 11    Int: 11    God:    Lugonu [**....]
Gold:   23         SH:  4    Dex: 13    Spells: 2/2 levels left

rFire   . . .      SeeInvis .   a - +1 hand axe
rCold   . . .      Faith    .   (no shield)
rNeg    . . .      Spirit   .   b - +0 leather armour
rPois   .          Reflect  .   (no helmet)
rElec   .          Harm     .   (no cloak)
rCorr   .          Rampage  .   (no gloves)
Will    .....                   (no boots)
Stlth   +.........              (no amulet)
HPRegen 0.10/turn               (no ring)
MPRegen 0.09/turn               (no ring)

@: about to teleport
A: condensation shield, demonic touch 1
a: Renounce Religion, Depart the Abyss, Bend Space


You were on level 2 of the Dungeon.
You worshipped Lugonu.
Lugonu was pleased with you.
You visited 1 branch of the dungeon, and saw 2 of its levels.
You visited the Abyss 1 time.

You collected 59 gold pieces.
You spent 36 gold pieces at shops.

Inventory:

Hand Weapons
 a - a +1 hand axe (weapon)
Armour
 b - a +0 leather armour (worn)
Scrolls
 c - a scroll of teleportation
 g - a scroll of magic mapping
Potions
 d - a potion of haste {unknown}
 e - a potion of magic {unknown}
 f - a potion of heal wounds {unknown}
 h - a potion of curing {unknown}


   Skills:
 + Level 3.6 Fighting
 + Level 2.2 Axes
 + Level 2.1 Armour
 + Level 1.4 Dodging
 + Level 0.3 Stealth
 * Level 2.8 Invocations


You had 2 spell levels left.
You didn't know any spells.
Your spell library was empty.

Dungeon Overview and Level Annotations

Branches:
Dungeon (2/15)

Altars:

Shops:
D:2 ?


Innate Abilities, Weirdness & Mutations

A meltable shield of frost defends you. (SH +4)
Your touch may inflict minor irresistible damage on your foes.


Message History

Lugonu accepts your kill.
The endoplasm enters a dispersal trap!
The gnoll blinks! x5
The kobold blinks!
The gnoll blinks! x3; The kobold blinks!
You blink.
Found an escape hatch in the floor.
The endoplasm blinks!
The kobold hits you but does no damage.
You hit the kobold.
You touch the kobold.
You kill the kobold!
Lugonu accepts your kill. The kobold hits you with a +0 dagger.
The kobold attacks as you move away! The kobold hits you with a +0 dagger.
The gnoll enters a dispersal trap!
The giant cockroach blinks!
The endoplasm blinks!
The gnoll blinks!
The kobold blinks!
The endoplasm blinks!
The giant cockroach blinks!
The gnoll blinks!
You blink.
The gnoll closely misses you.
You hit the gnoll.
The gnoll is moderately wounded.
The gnoll completely misses you. You block the gnoll's attack.
The gnoll closely misses you. The gnoll misses you.
Unknown command.
The endoplasm closely misses you. The gnoll barely misses you.
The gnoll hits you from afar with a +0 spear.
As you read the scroll labelled IRIDYEQIEG, it crumbles to dust.
You feel strangely unstable.
It was a scroll of teleportation.
The endoplasm closely misses you. The gnoll barely misses you.
The gnoll closely misses you.
Unknown command.
Unknown command.
You closely miss the kobold. You hit the endoplasm. The endoplasm hits you.
The gnoll hits you from afar with a +0 spear.
* * * LOW HITPOINT WARNING * * *
The kobold hits you with a +0 dagger.
* * * LOW HITPOINT WARNING * * *
The gnoll hits you from afar with a +0 spear.
* * * LOW HITPOINT WARNING * * *
You hit the kobold. Your touch misses the kobold.
The kobold is severely wounded.
You hit the endoplasm.
The endoplasm hits you but does no damage.
The gnoll barely misses you. The kobold hits you with a +0 dagger.
You die...

##'###......# #.
#. #####.## ## .
#.##.# #....#
########'#### ##
#..........# >.
#..g..$....##.#
#..B...)......#.##
#.@K..#....gB....#
#..Jg.#.§..).....#
#.....#..........#
+.....#...§......#
#................#
######.#'###'###..
....# .# ## #.#.#
..


You could see 2 gnolls, an endoplasm, a giant cockroach and a kobold.

Vanquished Creatures
  A gnoll (D:2)
  A dart slug (D:2)
  5 endoplasms
  3 giant cockroaches
  4 goblins (D:1)
  3 hobgoblins
  2 quokkas
  4 ball pythons
  6 bats
  2 frilled lizards
  5 kobolds
  2 rats
38 creatures vanquished.

Vanquished Creatures (others)
  A lurking horror (Abyss:1)
1 creature vanquished.

Grand Total: 39 creatures vanquished

Notes
Turn   | Place    | Note
-------+----------+-------------------------------------------
     0 | Abyss:1  | xian the Demonspawn Abyssal Knight began the quest for the
                  | Orb.
     0 | Abyss:1  | Reached XP level 1. HP: 18/18 MP: 2/2
     0 | Abyss:1  | Noticed a revenant
     0 | Abyss:1  | Noticed a flying skull
     1 | Abyss:1  | Noticed a slime creature
     1 | Abyss:1  | Noticed a tentacled monstrosity
     1 | Abyss:1  | Noticed a tentacled starspawn
     2 | Abyss:1  | Noticed an ice beast
    43 | Abyss:1  | Noticed a worldbinder
    43 | Abyss:1  | Noticed a thrashing horror
    45 | Abyss:1  | Noticed a bone dragon
    45 | Abyss:1  | Noticed a small abomination
    45 | Abyss:1  | Noticed a starcursed mass
    45 | Abyss:1  | Noticed an iron dragon
    45 | Abyss:1  | Noticed a large abomination
    46 | Abyss:1  | Found a corrupted altar of Lugonu.
    46 | Abyss:1  | Found a transporter.
    46 | Abyss:1  | Found a corrupted altar of Lugonu.
    46 | Abyss:1  | Noticed an ogre
    46 | Abyss:1  | Noticed a worldbinder
    46 | Abyss:1  | Noticed a two-headed ogre
    48 | Abyss:1  | Noticed an acid blob
    48 | Abyss:1  | an iron dragon changed into an acid blob
    49 | Abyss:1  | Noticed a fire crab
    50 | Abyss:1  | Noticed a cyclops
    50 | Abyss:1  | a two-headed ogre changed into a cyclops
    51 | Abyss:1  | Noticed a torpor snail
    51 | Abyss:1  | a cyclops changed into a torpor snail
    53 | Abyss:1  | Noticed a yak
    53 | Abyss:1  | Noticed an eye of devastation
    53 | Abyss:1  | a torpor snail changed into an eye of devastation
    53 | Abyss:1  | Noticed an iron dragon
    53 | Abyss:1  | an acid blob changed into an iron dragon
    87 | Abyss:1  | Noticed a blink frog
    98 | D:1      | Escaped the Abyss
   419 | D:1      | Reached skill level 1 in Dodging
   485 | D:1      | Reached ** piety under Lugonu
   598 | D:1      | Gained mutation: Your touch may inflict minor irresistible
                  | damage on your foes. [demonic ancestry]
   598 | D:1      | Reached XP level 2. HP: 24/24 MP: 4/4
   864 | D:1      | Found a faded altar of an unknown god.
  1232 | D:2      | Gained mutation: A meltable shield of frost defends you.
                  | (SH +4) [demonic ancestry]
  1232 | D:2      | Reached XP level 3. HP: 29/29 MP: 5/5
  1449 | D:2      | Found Renaum's Magic Scroll Shop.
  1485 | D:2      | Bought a scroll of identify for 24 gold pieces
  1485 | D:2      | Bought a scroll of noise for 12 gold pieces
  1548 | D:2      | HP: 1/30 [gnoll/+0 spear (6)]
  1549 | D:2      | Slain by a kobold

Illustrated notes

Levels and vault maps discovered:
D:1:      beargit_arrival_greenhouse, layout_basic,
          ebering_ecumenical_altar_mist, serial_forest,
          infiniplex_forest_corner_1, infiniplex_forest_clump_tiny,
          infiniplex_forest_clump_double, infiniplex_forest_end_2,
          chequers_serial_rivers_room_b
D:2:      layout_basic, serial_shops, shop_scrolls

Skill      XL: |  1  2 |
---------------+-------+-----
Dodging        | 1 |  1.4
Axes           | 2 |  2.2
Armour         | 2 |  2.1
Fighting       | |  3.6
Stealth        | |  0.3
Invocations    | |  2.8

Action                   || total
-------------------------++-------
Melee: Hand axe          ||    82
       Touch             ||    12
Invok: Depart the Abyss  ||     1
  Use: Scroll            ||     2
 Stab: Sleeping          ||     1
Armor: Leather armour    ||    39
Dodge: Dodged            ||    89
Block: Other             ||     5
